 Dungeon Crawl Stone Soup version 0.19-a0-1672-g679cadd (webtiles) character file.

73 Amnesiac the Ogre Mage (level 4, -1/39 HPs)
             Began as an Ogre Wizard on Sept 23, 2016.
             Succumbed to an adder's poison
             ... on level 4 of the Dungeon.
             The game lasted 00:03:24 (1273 turns).

Amnesiac the Ogre Mage (Ogre Wizard)                Turns: 1273, Time: 00:03:25

Health: -1/39      AC:  3    Str: 12    XL:     4   Next: 27%
Magic:  1/10       EV: 10    Int: 17    God:
Gold:   41         SH:  0    Dex:  9    Spells: 5 memorised, 0 levels left

rFire  + . .     SeeInvis .     f - +0 hand axe
rCold  + . .     Gourm    .     a - +0 robe
rNeg   . . .     Faith    .     (no shield)
rPois  +         Spirit   .     b - +0 hat
rElec  +         Dismiss  .     (no cloak)
rCorr  +         Reflect  .     (gloves unavailable)
MR     .....     Harm     .     (boots unavailable)
Stlth  +.........               (no amulet)
                                (no ring)
                                (no ring)

@: lethally poisoned (-1 -> -16), resistant, very slightly contaminated, repel
missiles
A: unfitting armour, tough skin 1
a: no special abilities


You were on level 4 of the Dungeon.
You were hungry.

You visited 1 branch of the dungeon, and saw 4 of its levels.

You collected 41 gold pieces.

Inventory:

Hand Weapons
 e - a +0 dagger
 f - a +0 hand axe (weapon)
 p - a +0 flail
Missiles
 i - 4 large rocks (quivered)
Armour
 a - a +0 robe (worn)
 b - a +0 hat (worn)
Scrolls
 j - a scroll of noise {unknown}
 k - a scroll of fear {unknown}
Books
 c - a book of Minor Magic

   Spells                             Type                      Level
   a - Magic Dart                     Conjuration                  1
   b - Blink                          Translocation                2
   c - Call Imp                       Summoning                    2
   d - Repel Missiles                 Charms/Air                   2
   e - Slow                           Hexes                        2
   f - Conjure Flame                  Conjuration/Fire             3
   g - Mephitic Cloud                 Conjuration/Poison/Air       3
Comestibles
 d - 2 bread rations
 g - a slice of pizza
 h - a meat ration
 o - a chunk of flesh


   Skills:
 - Level 1.7 Dodging
 - Level 1.5 Stealth
 - Level 4.0 Spellcasting
 + Level 2.7 Conjurations
 - Level 0.6 Summonings
   Level 0.6 Translocations


You couldn't memorise any spells.
You knew the following spells:

 Your Spells              Type           Power        Failure   Level  Hunger
a - Repel Missiles        Chrm/Air       #.....       24%         2    ##.....
d - Call Imp              Summ           #.......     21%         2    ##.....
e - Mephitic Cloud        Conj/Pois/Air  #.......     38%         3    ###....
s - Conjure Flame         Conj/Fire      #.......     30%         3    ###....
z - Magic Dart            Conj           ##..         6%          1    None


Dungeon Overview and Level Annotations

Branches:
Dungeon (4/15)
 Temple: D:4-7

Altars:


Innate Abilities, Weirdness & Mutations

You are too large for most types of armour.
You have tough skin. (AC +1)


Message History

You feel sick. The adder bites you.
* * * LOW HITPOINT WARNING * * *
The adder bites you.
* * * LOW HITPOINT WARNING * * *
You are more poisoned.
The adder poisons you!
Unknown command.
It was a potion of cure mutation.
It has a very clean taste.
* * * LOW HITPOINT WARNING * * *
You feel sick. The adder bites you but does no damage.
Unknown command.
As you read the scroll labeled WONOFE SOTINN, it crumbles to dust.
You feel blessed for a moment.
It was a scroll of remove curse.
* * * LOW HITPOINT WARNING * * *
You feel sick. The adder bites you.
* * * LOW HITPOINT WARNING * * *
You are more poisoned.
The adder poisons you!
You are feeling hungry.
You die...

#.#...#.# #......#
##.
#..#.#..###...<.##
#..
#.!..........#.##
#..
##.#.#.####..#.#
#.. #...## #..#.##
#.. ##.## #.....##
#.# #.#
#..#.#.###.#
#.######..#.##.##.#
#.@†SZO.....##.#.<.
######....#.##.....
#.#..#........
#.#.#...##....
#.#.#...###...
#.#...........
..###......... ###
#..####### #..#


You could see an ogre, an adder and a hound skeleton.

Vanquished Creatures
  A worker ant (D:4)
  2 adders
  A dart slug (D:1)
  An orc (D:4)
  2 bats
  2 giant cockroaches
  2 goblins (D:1)
  2 hobgoblins (D:1)
  4 jackals
  2 ball pythons (D:2)
  2 frilled lizards
  2 leopard gecko skeletons (D:4)
  3 rats
26 creatures vanquished.

Vanquished Creatures (collateral kills)
  2 jackals (D:2)
  A kobold (D:2)
3 creatures vanquished.

Grand Total: 29 creatures vanquished

Notes
Turn   | Place    | Note
-------+----------+-------------------------------------------
     0 | D:1      | Amnesiac the Ogre Wizard began the quest for the Orb.
     0 | D:1      | Reached XP level 1. HP: 16/16 MP: 5/5
   111 | D:1      | Reached skill level 4 in Spellcasting
   393 | D:1      | Reached XP level 2. HP: 24/24 MP: 5/7
   397 | D:1      | Learned a level 2 spell: Repel Missiles
   401 | D:1      | Learned a level 2 spell: Call Imp
   446 | D:1      | Reached skill level 1 in Conjurations
   740 | D:2      | Reached XP level 3. HP: 29/31 MP: 0/8
   820 | D:2      | Learned a level 3 spell: Mephitic Cloud
   969 | D:4      | Reached XP level 4. HP: 24/39 MP: 2/10
  1036 | D:4      | Learned a level 3 spell: Conjure Flame
  1207 | D:4      | Noticed an ogre
  1272 | D:4      | HP: 1/39 [adder (2)]
  1273 | D:4      | Succumbed to an adder's poison

Vault maps used:
D:1:      dpeg_arrival_erosion
D:3:      first_bread, minmay_snake_closets

Skill      XL: |  1  2  3 |
---------------+----------+-----
Spellcasting   | 4 |  4.0
Conjurations   | 1 2 |  2.7
Dodging        | |  1.7
Stealth        | |  1.5
Summonings     | |  0.6
Translocations | |  0.6

Action                   |  1- 3 |  4- 6 || total
-------------------------+-------+-------++-------
Melee: Dagger            |    12 |       ||    12
       Hand axe          |    15 |     3 ||    18
 Cast: Magic Dart        |    53 |    10 ||    63
       Call Imp          |     1 |       ||     1
       Repel Missiles    |     1 |       ||     1
       Mephitic Cloud    |     1 |     1 ||     2
       Conjure Flame     |       |     1 ||     1
  Use: Potion            |       |     2 ||     2
       Scroll            |       |     1 ||     1
 Stab: Confused          |     1 |       ||     1
  Eat: Chunk             |       |     1 ||     1
Armor: Robe              |    14 |     2 ||    16
Dodge: Dodged            |    20 |     2 ||    22
